Map: Prion Terraces

Players

MorN - Winner!

  • Race: Terran Terran
  • League: Master

PrinceVegeta

  • Race: Zerg Zerg
  • League: Diamond

VOD

Have the link to the VOD?

Description

Time

  • Played on: Dec. 15, 2015, 11:29 p.m.
  • Length: 10:11
Show
View Real Time Build Order
Export as new Build Order

MorN Terran - Winner!

Build Orders: Reaper Expand, MMM Bio 

Get SALT Encoding   

  12  0:00  SCV  
  13  0:13  SCV  
  14  0:17  Supply Depot  
  14  0:25  SCV  
  15  0:38  SCV  
  15  0:39  Barracks  
  16  0:43  Refinery  
  16  0:50  SCV  
  17  1:03  SCV  
  18  1:15  SCV  
  19  1:27  Orbital Command  
  19  1:28  Reaper  
  20  1:39  Command Center  
  20  1:49  Supply Depot  
  20  1:53  SCV  
  21  2:00  Barracks  
  21  2:03  Barracks Reactor  
  21  2:06  SCV  
  22  2:15  Barracks  
  22  2:21  SCV  
  23  2:43  SCV  
  24  2:46  Refinery  
  24  2:48  Factory  
  24  2:51  Barracks Tech Lab  
  24  2:59  SCV  
  24  3:00  Orbital Command  
  24  3:03  Marine x3  
  27  3:11  SCV, Marine  
  27  3:12  Stimpack  
  29  3:21  Marine x2  
  29  3:23  SCV  
  29  3:25  SCV  
  33  3:28  Marine  
  33  3:29  Marine  
  33  3:33  Starport  
  35  3:40  Factory Reactor  
  35  3:42  SCV  
  35  3:47  SCV  
  35  3:48  Marine x2  
  39  3:50  Supply Depot  
  39  3:54  SCV  
  40  3:56  Marine x2  
  40  3:59  SCV  
  43  4:06  SCV  
  44  4:11  SCV  
  44  4:15  Marine x3  
  48  4:17  Supply Depot  
  48  4:18  SCV  
  49  4:25  Medivac x2  
  49  4:26  SCV  
  54  4:36  Bunker  
  54  4:38  Supply Depot, Factory Reactor, Marine x2  
  54  4:39  SCV x2  
  54  4:40  Barracks Reactor  
  58  4:51  SCV x2  
  60  4:54  Supply Depot  
  60  5:00  Marauder, Marine x2  
  60  5:03  SCV  
  65  5:17  Marine  
  65  5:18  Widow Mine x2  
  70  5:51  Combat Shields, Orbital Command  
  63  6:31  Supply Depot x2  
  63  6:32  Supply Depot  
  58  6:40  Command Center  
  58  6:48  Engineering Bay x2  
  58  6:52  SCV x2, Medivac x2, Marine x4  
  58  6:53  Marauder  
  70  7:02  Widow Mine x2  
  70  7:05  SCV x2, Barracks x2  
  76  7:10  Marine x2  
  76  7:14  Terran Infantry Weapons Level 1, Terran Infantry Armor Level 1  
  78  7:17  Supply Depot, Refinery x2  
  78  7:18  Supply Depot  
  78  7:30  Marine  
  78  7:31  Marauder  
  78  7:33  SCV, Marine x2  
  78  7:34  Marine  
  78  7:36  Medivac  
  78  7:48  Marine  
  78  7:50  Concussive Shells  
  78  7:51  Marine x2  
  79  7:52  Marine x2  
  79  7:53  Supply Depot, Orbital Command  
  79  7:54  Barracks Tech Lab  
  79  7:55  Barracks Reactor  
  83  8:06  Marine  
  83  8:08  Barracks x2  
  83  8:09  Barracks, Marine x2  
  83  8:10  Marine  
  83  8:11  Marauder  
  89  8:14  Marauder  
  89  8:15  Orbital Command  
  89  8:16  Supply Depot  
  91  8:23  Marine  
  91  8:27  Marine  
  92  8:32  Marauder  
  94  8:48  Marine x3  
  90  8:49  Marauder  
  90  8:54  Marine  
  94  9:00  Marauder, Marine x2  
  94  9:01  SCV  
  94  9:02  Armory, SCV  
  100  9:07  Barracks Reactor, Barracks Tech Lab  
  100  9:08  Barracks Reactor  
  100  9:11  Supply Depot  
  100  9:12  SCV  
  100  9:13  SCV  
  100  9:14  SCV  
  100  9:15  Supply Depot  
  100  9:16  Supply Depot  
  103  9:18  Widow Mine x2  
  103  9:22  Marauder, Marine  
  103  9:24  Medivac, Marine x2  
  110  9:25  Marine x2, Medivac, Marauder x2  
  110  9:30  Marine  
  111  9:39  Marine  
  111  9:42  Marine x2  
  111  9:43  SCV  
  111  9:44  Marauder  
  116  9:46  Marauder  
  116  9:47  Marauder  
  122  9:53  Marine x2  
Show
View Real Time Build Order
Export as new Build Order

PrinceVegeta Zerg 

Build Orders: Hatch First 

Get SALT Encoding   

  12  0:01  Drone  
  13  0:09  Drone  
  14  0:17  Overlord  
  14  0:28  Drone, Extractor  
  14  0:30  Drone, Extractor  
  16  0:37  Drone  
  17  0:54  Hatchery  
  17  0:56  Drone  
  17  1:11  Spawning Pool  
  17  1:14  Extractor  
  17  1:15  Drone  
  16  1:18  Drone  
  16  1:22  Drone  
  18  1:27  Drone  
  19  1:37  Overlord  
  19  1:53  Drone  
  20  2:00  Drone  
  21  2:05  Queen  
  21  2:06  Zergling x2  
  21  2:07  Queen  
  26  2:11  Drone  
  27  2:23  Metabolic Boost  
  27  2:25  Drone  
  27  2:30  Drone x2  
  28  2:40  Zergling x4  
  28  2:42  Extractor  
  29  2:45  Queen  
  29  2:50  Drone x2  
  33  2:53  Overlord  
  33  3:01  Drone  
  33  3:02  Roach Warren  
  33  3:05  Drone  
  33  3:12  Drone  
  35  3:14  Overlord, Drone  
  35  3:15  Drone  
  35  3:17  Drone  
  38  3:20  Extractor  
  38  3:21  Drone  
  38  3:26  Drone  
  39  3:33  Drone  
  40  3:39  Overlord  
  40  3:42  Overlord  
  40  3:45  Roach  
  40  3:47  Roach  
  44  3:49  Overlord x2  
  44  3:58  Roach  
  46  4:04  Roach  
  46  4:05  Roach  
  49  4:10  Overlord  
  49  4:16  Roach  
  51  4:20  Drone x2  
  51  4:21  Roach x3  
  51  4:22  Hatchery  
  51  4:24  Roach  
  60  4:28  Roach x2  
  64  4:34  Roach  
  66  4:39  Roach  
  66  4:41  Ravager  
  66  4:44  Zergling x2  
  70  4:48  Spore Crawler  
  70  4:49  Spore Crawler, Drone  
  70  4:50  Zergling x2  
  70  4:51  Ravager, Zergling x2  
  72  4:53  Zergling x2  
  72  4:54  Zergling x4  
  72  4:57  Zergling x2  
  76  5:00  Overlord  
  76  5:07  Ravager  
  76  5:08  Zergling x2  
  76  5:14  Zergling x2  
  78  5:25  Spine Crawler  
  77  5:29  Zergling x8  
  77  5:30  Zergling x2  
  73  5:35  Zergling x4  
  68  5:45  Drone x4  
  68  5:55  Drone x5  
  63  5:57  Queen  
  63  6:00  Queen  
  64  6:05  Roach  
  64  6:08  Roach  
  64  6:09  Roach  
  67  6:13  Drone x2  
  67  6:17  Drone  
  69  6:20  Drone x2  
  69  6:24  Drone  
  71  6:29  Drone  
  71  6:30  Drone  
  74  6:33  Ravager  
  74  6:43  Lair  
  74  6:47  Extractor x2  
  74  6:48  Overlord  
  74  6:53  Overlord  
  72  6:56  Overlord  
  72  7:06  Overlord x2, Queen  
  74  7:13  Drone x7  
  74  7:15  Drone  
  82  7:18  Drone x2  
  82  7:20  Ravager x2  
  82  7:21  Ravager  
  87  7:23  Drone  
  87  7:28  Drone  
  87  7:29  Drone x2  
  91  7:32  Drone  
  91  7:34  Roach  
  91  7:36  Roach  
  94  7:39  Drone  
  95  7:45  Drone x3  
  95  7:46  Evolution Chamber  
  95  7:49  Evolution Chamber  
  95  7:50  Queen  
  95  7:51  Extractor x2  
  97  7:53  Roach  
  97  7:55  Glial Reconstitution  
  97  7:57  Drone  
  99  8:05  Roach x3  
  105  8:09  Drone  
  106  8:13  Overseer  
  106  8:15  Overlord x2  
  106  8:16  Overlord  
  106  8:26  Overlord  
  106  8:33  Spine Crawler x2  
  101  8:35  Drone x8  
  101  8:37  Overseer  
  103  8:46  Roach x4  
  103  8:47  Roach  
  105  8:49  Roach  
  105  8:58  Spore Crawler  
  104  9:03  Overlord  
  104  9:09  Spire  
  103  9:15  Hatchery  
  103  9:16  Roach  
  104  9:22  Overlord x2  
  104  9:23  Roach  
  97  9:32  Roach x5  
  97  9:34  Roach  
  82  9:41  Roach  
  82  9:42  Roach x3  
Tags
 
Add a new tag
Caveats
  • Supply blocks, unpowered buildings, or Contaminate may cause inaccurate times.
  • Supply counts are checked every 10 seconds.